 Dungeon Crawl Stone Soup version 0.31.0-12-g77e489cdc1 (webtiles) character file.

Game seed: 6029599908963503656

1082 MAFIAMEASN the Covered (level 8, -3/69 (70) HPs)
             Began as a Minotaur Fighter on Feb 22, 2024.
             Was a Follower of Dithmenos.
             Slain by an orc
             ... wielding a +0 war axe
              (9 damage)
             ... on level 6 of the Dungeon.
             The game lasted 00:07:08 (3150 turns).

MAFIAMEASN the Covered (Minotaur Fighter)           Turns: 3150, Time: 00:07:08

HP:   -3/69 (70)    AC: 14    Str: 29    XL:     8   Next: 8%
MP:   7/7           EV:  8    Int:  5    God:    Dithmenos [*.....]
Gold: 189           SH:  0    Dex: 10    Spells: 7/7 levels left

rFire   . . .        o - +1 scythe (vamp)
rCold   . . .        (shield currently unavailable)
rNeg    . . .        s - +0 plate armour
rPois   .            (helmet restricted)
rElec   .            (no cloak)
rCorr   .            m - +0 pair of gloves
SInv    .            (no boots)
Will    .....        (no amulet) Stlth
                     h - +6 ring of strength
HPRegen 0.31/turn    (no ring)
MPRegen 0.10/turn

%: no passive effects
@: wreathed by umbra, lightly drained
A: horns 2, retaliatory headbutt
a: Renounce Religion


You were on level 6 of the Dungeon.
You worshipped Dithmenos.
Dithmenos was aware of your devotion.
You visited 1 branch of the dungeon, and saw 5 of its levels.

You collected 189 gold pieces.

Inventory:

Hand Weapons
 a - a +0 war axe
 o - a +1 vampiric scythe (weapon)
Armour
 b - a +0 scale mail
 c - a +0 buckler
 f - a +0 chain mail
 m - a +0 pair of gloves (worn)
 s - a +0 plate armour (worn)
Jewellery
 h - a +6 ring of strength (left hand)
 j - an amulet of guardian spirit
 k - a ring of poison resistance
 r - a +6 ring of dexterity
Wands
 d - a wand of charming (5)
Scrolls
 e - a scroll of silence
 g - a scroll of butterflies
 i - 2 scrolls of identify
 p - 2 scrolls of fog
 q - 2 scrolls of enchant armour {unknown}
Potions
 n - a potion of magic


   Skills:
 + Level 6.0 Fighting
 + Level 4.8(5.9) Axes
 + Level 5.1(6.0) Polearms
 + Level 7.2 Armour
 + Level 2.2 Dodging
 + Level 0.7 Stealth
 + Level 4.7 Shields


You had 7 spell levels left.
You didn't know any spells.
Your spell library contained the following spells:

 Spells                   Type           Power      Damage    Failure   Level
 Freeze                   Ice            0%         1d3       99%         1
 Magic Dart               Conj           0%         1d3       99%         1
 Blink                    Tloc           0%         N/A       100%        2
 Call Imp                 Summ           0%         N/A       100%        2
 Lesser Beckoning         Tloc           0%         N/A       100%        2
 Frozen Ramparts          Ice            0%         1d1       100%        3
 Gell's Gravitas          Tloc           0%         N/A       100%        3
 Hailstorm                Conj/Ice       0%         3d5       100%        3
 Teleport Other           Tloc           0%         N/A       100%        3
 Dispersal                Tloc           0%         N/A       100%        6


Dungeon Overview and Level Annotations

Branches:
Dungeon (6/15)
 Temple: D:4-7

Altars:
Dithmenos
Hepliaklqana
Kikubaaqudgha

Shops:
D:5 :


Innate Abilities, Weirdness & Mutations

You have a pair of horns on your head.
You reflexively headbutt those who attack you in melee.


Message History

The orc priest mumbles some strange prayers to Beogh against you.
Pain shoots through your body!
Your base Polearms skill increases to level 5!
You have reached level 8!
You feel stronger.
Okay, then.
You hit the wight. You headbutt the wight!
The wight is almost destroyed.
The wight closely misses you.
You closely miss the wight.
The wight is almost destroyed.
The orc priest hits you with a +0 war axe.
An orc comes into view. It is wielding a +0 flail.
The wight hits you with a +2 short sword of freezing!
The wight freezes you.
The orc shouts!
You hit the wight.
You destroy the wight!
Dithmenos accepts your kill. The orc priest barely misses you.
You furiously retaliate!
You headbutt the orc priest!
Your life force feels restored.
Your Armour skill increases to level 7!
You hit the orc priest but do no damage.
Your headbutt misses the orc priest.
The orc priest is severely wounded.
The wight hits you but does no damage. The wight hits you with a +0 falchion.
You feel drained.
You closely miss the orc. The orc hits you but does no damage.
You are electrocuted!
* * * LOW HITPOINT WARNING * * *
The orc barely misses you.
The orc priest looks encouraged for a moment.
The wight closely misses you.
You hit the wight. Your headbutt misses the wight.
The wight is moderately damaged.
The orc hits you with a +3 dagger of electrocution.
* * * LOW HITPOINT WARNING * * *
The orc hits you with a +0 war axe!
You die...

######
<...#######
#.####o..o....o
#...z@oo#.#
#....###o.#.#
### #....#
#..###..###
#.....####.#
#####..<...#
########


You could see a wight, an orc priest and 4 orcs.

Vanquished Creatures
  Grinder (D:3)
  Sigmund (D:2)
  A black bear (D:5)
  An ice beast (D:5)
  A phantom (D:5)
  2 scorpions (D:5)
  2 wights (D:6)
  A hound (D:5)
  A sleepcap (D:5)
  Terence (D:3)
  2 orc wizards (D:5)
  4 adders
  2 river rats (D:5)
  2 shadow imps (D:5)
  2 white imps (D:5)
  2 dart slugs
  A ribbon worm (D:5)
  2 orcs (D:5)
  4 endoplasms
  4 goblins
  A hobgoblin (D:1)
  5 jackals
  3 kobolds
  5 quokkas
  3 ball pythons
  3 bats (D:2)
  2 frilled lizards (D:2)
  5 rats
64 creatures vanquished.

Notes
Turn   | Place    | Note
-------+----------+-------------------------------------------
     0 | D:1      | MAFIAMEASN the Minotaur Fighter began the quest for the
                  | Orb.
     0 | D:1      | Reached XP level 1. HP: 19/19 MP: 0/0
   115 | D:1      | Reached XP level 2. HP: 14/27 MP: 1/1
   651 | D:1      | Reached skill level 4 in Armour
  1008 | D:2      | Reached XP level 3. HP: 33/33 MP: 2/2
  1353 | D:2      | Noticed Sigmund
  1359 | D:2      | Killed Sigmund
  1360 | D:2      | Reached skill level 5 in Armour
  1360 | D:2      | Reached XP level 4. HP: 29/41 MP: 3/3
  1360 | D:2      | Reached XP level 5. HP: 33/47 MP: 4/4
  1588 | D:3      | Noticed Terence
  1600 | D:3      | Killed Terence
  1624 | D:3      | Found a faded altar of an unknown god.
  1670 | D:3      | Noticed Grinder
  1679 | D:3      | Found a shadowy altar of Dithmenos.
  1682 | D:3      | Paralysed by Grinder for 3 turns
  1695 | D:3      | Killed Grinder
  1696 | D:3      | Reached skill level 5 in Fighting
  1696 | D:3      | Reached skill level 1 in Polearms
  1696 | D:3      | Reached skill level 1 in Dodging
  1696 | D:3      | Reached XP level 6. HP: 9/56 MP: 5/5
  1856 | D:3      | Noticed a shadow
  1859 | D:3      | Found a hazy altar of Hepliaklqana.
  1868 | D:3      | Became a worshipper of Dithmenos the Shadowed
  1883 | D:3      | Found an ancient bone altar of Kikubaaqudgha.
  2064 | D:3      | You fall into a shaft and drop 3 floors!
  2067 | D:5      | Entered Level 5 of the Dungeon
  2166 | D:5      | Found Ulatoh's Vocational Training.
  2195 | D:5      | Noticed an ice beast
  2204 | D:5      | Killed an ice beast
  2205 | D:5      | Reached skill level 6 in Armour
  2205 | D:5      | Reached XP level 7. HP: 61/61 MP: 6/6
  2407 | D:5      | Reached * piety under Dithmenos
  2408 | D:5      | Found a glowing drain.
  3145 | D:6      | Reached skill level 5 in Polearms
  3145 | D:6      | Reached XP level 8. HP: 46/69 MP: 7/7
  3148 | D:6      | Reached skill level 7 in Armour
  3150 | D:6      | Slain by an orc

Illustrated notes

Levels and vault maps discovered:
D:1:      nicolae_arrival_memento_mori, layout_loops_ring,
          minmay_misc_feat_diagonals
D:2:      layout_basic, minmay_statues_item, feat_on_display, uniq_sigmund
D:3:      layout_loops_ring, riverfiend_overflow_shadow_ancestor,
          general_overflow_altar, ebering_ecumenical_altar_sacrificial,
          grunt_decor_junction, serial_park_tiny_2, uniq_ijyb, uniq_grinder,
          uniq_terence
D:5:      layout_loops_corners, portal_sewer_entry_a, nicolae_shop_vocational
D:6:      layout_loops_cross, temple_green

Skill      XL: |  1  2  3  4  5  6  7  8 |
---------------+-------------------------+-----
Shields        | 4 |  4.7
Fighting       | 4 5 6 |  6.0
Armour         | 4 5 6 7 |  7.2
Axes           | 4 |  4.8
Polearms       | 1 2 5 |  5.1
Dodging        | 1 2 |  2.2
Stealth        | |  0.7

Action                     |  1- 3 |  4- 6 |  7- 9 || total
---------------------------+-------+-------+-------++-------
  Melee: War axe           |    56 |     5 |       ||    61
         Headbutt          |     8 |     5 |    10 ||    23
         Halberd           |       |    56 |    57 ||   113
    Use: Potion            |       |     4 |     3 ||     7
         Scroll            |       |     3 |       ||     3
 Armour: Scale mail        |    17 |       |       ||    17
         Chain mail        |    27 |    53 |    29 ||   109
         Plate armour      |       |       |    45 ||    45
         Skin              |       |       |    11 ||    11
  Dodge: Dodged            |    21 |    24 |    61 ||   106
  Block: Buckler           |    12 |       |       ||    12
